 Dungeon Crawl Stone Soup version 0.17.0-18-gaab0e96 (webtiles) character file.

18 oplop the Insei (level 2, -1/18 HPs)
             Began as an Octopode Transmuter on Nov 11, 2015.
             Slain by a goblin (2 damage)
             ... on level 1 of the Dungeon.
             The game lasted 00:01:02 (679 turns).

oplop the Insei (Octopode Transmuter)                Turns: 679, Time: 00:01:03

Health: -1/18      AC:  1    Str:  9    XL:     2   Next: 66%
Magic:  5/5        EV: 12    Int: 15    God:
Gold:   42         SH:  0    Dex: 12    Spells: 1 memorised, 4 levels left

rFire  . . .     SeeInvis .     f - +4 whip (freeze)
rCold  . . .     Clarity  .     (no shield)
rNeg   . . .     SustAt   .     (helmet restricted)
rPois  .         Gourm    .     (no amulet)
rElec  .         Spirit   .     (no ring)
rCorr  .         Warding  .     (no ring)
rMut   .         Stasis   .     (no ring)
MR     .....                    (no ring)
Stlth  ++........               (no ring)
                                (no ring)
                                (no ring)
                                (no ring)

@: not resistant to hostile enchantments, unstealthy
A: almost no armour, amphibious, 8 rings, constrict 8, camouflage 1, gelatinous
body 1
a: no special abilities


You were on level 1 of the Dungeon.
You were not hungry.

You visited 1 branch of the dungeon, and saw 1 of its levels.

You collected 42 gold pieces.

Inventory:

Hand Weapons
 f - a +4 whip of freezing (weapon)
Missiles
 a - 38 arrows
Scrolls
 e - 3 scrolls of identify {unknown}
 g - a scroll of enchant weapon {unknown}
 j - a scroll of remove curse {unknown}
 k - a scroll of amnesia {unknown}
Potions
 h - a potion of heal wounds {unknown}
 i - a potion of cure mutation {unknown}
 l - a potion of magic {unknown}
 m - a potion of mutation {unknown}
Books
 b - a book of Changes

   Spells                             Type                      Level
   a - Beastly Appendage              Transmutation                1
   b - Sticks to Snakes               Transmutation                2
   c - Spider Form                    Transmutation/Poison         3
   d - Ice Form                       Ice/Transmutation            4
   e - Blade Hands                    Transmutation                5
Comestibles
 c - a bread ration
 d - a meat ration


   Skills:
 + Level 1.2 Fighting
 + Level 2.2 Dodging
 + Level 3.2 Unarmed Combat
 + Level 2.2 Spellcasting
 + Level 2.3 Transmutations


You had 4 spell levels left.
You knew the following spells:

 Your Spells              Type           Power        Failure   Level  Hunger
a - Beastly Appendage     Trmt           #.....       12%         1    #......


Dungeon Overview and Level Annotations

Branches:
Dungeon (1/15)

Altars:


Innate Abilities, Weirdness & Mutations

You cannot wear most types of armour.
You are amphibious.
You can wear up to eight rings at the same time.
You can use your tentacles to constrict eight enemies at once.
Your skin changes colour to match your surroundings (Stealth).
Your rubbery body absorbs attacks (AC +1).


Message History

You barely miss the jackal. You grab the jackal.
The jackal is severely wounded.
You constrict the jackal. x2
The jackal closely misses you. The jackal bites you.
The goblin hits you but does no damage. The jackal misses you.
The jackal bites you.
* * * LOW HITPOINT WARNING * * *
You are too injured to fight recklessly!
Unknown command.
Unknown command.
You whack the jackal! You freeze the jackal.
You kill the jackal!
You constrict the jackal. The jackal bites you.
* * * LOW HITPOINT WARNING * * *
The goblin hits you but does no damage.
The jackal bites you but does no damage.
The jackal bites you.
* * * LOW HITPOINT WARNING * * *
The goblin hits you.
You die...

#### .....
############.....
#.......†........
#.#######........
#.# #.##..... ##.#
#h####.## .#.###
#..# #@.......
#.>... #.##
#hg#######.#.#####
#.#### #..# #.#.#
# #.##.. ...#
#.#.# # #.##.#
##.# #.#.# #
#[##.# .# #.#.# #
#.##.# .# #.#.# ##
#.##.# .#
###.#.####. #.##.#
#..†.......


You could see 2 jackals and a goblin.

Vanquished Creatures
  2 goblins (D:1)
  A hobgoblin (D:1)
  A jackal (D:1)
  A ball python (D:1)
  3 bats (D:1)
  2 giant newts (D:1)
  7 kobolds (D:1)
  A rat (D:1)
18 creatures vanquished.

Notes
Turn   | Place    | Note
--------------------------------------------------------------
     0 | D:1      | oplop the Octopode Transmuter began the quest for the Orb.
     0 | D:1      | Reached XP level 1. HP: 13/13 MP: 3/3
   196 | D:1      | Reached XP level 2. HP: 15/18 MP: 5/5
   679 | D:1      | Slain by a goblin

Action                   || total
-------------------------++-------
Melee: Unarmed           ||    17
       Whip              ||    16
 Stab: Sleeping          ||     4
       Distracted        ||     1
